AoeStats
← Morrig4n4692

Arena

510118302Analyzed
1v1 RM · 3d ago on Sep 29, 2026· 48m 32s· 2 players
Game mode
Random Map
Map size
Tiny (2 player)
Population
200
Speed
Normal
Resources
Standard
Victory
Conquest
Starting age
Dark Age
Ending age
Imperial Age
RankedLock teamsTeams togetherTeam positionsShared explorationLock speedFull tech treeHidden civsTurbo modeCheats
Victory
Defeat
🇨🇴 Slavs · Colombia
1226
+15
🇺🇸 Mongols · United States
1214
-18
Morrig4n4692
3:25 Loom
10:08 Feudal Age
11:44 Loom
14:15 Castle Age
14:17 Double-Bit Axe
19:51 Fletching
21:40 Padded Archer Armor
22:34 Bodkin Arrow
23:42 Leather Archer Armor
23:54 Ballistics
26:54 Horse Collar
29:48 Bloodlines
32:34 Wheelbarrow
37:21 Imperial Age
35:48 Gold Mining
35:54 Stone Mining
36:05 Light Cavalry
37:32 Scale Barding Armor
37:26 Cavalier
38:33 Chain Barding Armor
39:46 Forging
44:16 Chemistry
43:25 Bracer
42:50 Elite Skirmisher
45:23 Iron Casting
Jarp_33
9:31 Feudal Age
9:57 Double-Bit Axe
9:54 Horse Collar
11:40 Wheelbarrow
18:03 Castle Age
16:49 Gold Mining
19:17 Fletching
19:22 Elite Skirmisher
21:26 Padded Archer Armor
24:31 Bodkin Arrow
30:06 Imperial Age
28:55 Ballistics
29:17 Bow Saw
29:09 Heavy Plow
29:47 Gold Shaft Mining
36:47 Squires
37:11 Pikeman
40:24 Forging
41:31 Conscription
41:18 Halberdier
43:39 Iron Casting
44:49 Scale Mail Armor
46:37 Blast Furnace
47:03 Chain Mail Armor
49:31 Chemistry
Connection lost

Rejoining the realm…

Still unreachable

The connection could not be restored.

Session expired

The server has moved on; the page needs a fresh start.